 Dungeon Crawl Stone Soup version 0.32-a0-818-gb728d02 (webtiles) character file.

Game seed: 1714998744720630541

14 hiruoo the Shield-Bearer (level 2, -3/25 HPs)
             Began as a Formicid Fighter on Mar 24, 2024.
             Slain by a gnoll
             ... wielding a +0 flail
              (6 damage)
             ... on level 1 of the Dungeon.
             The game lasted 00:00:42 (180 turns).

hiruoo the Shield-Bearer (Formicid Fighter)          Turns: 180, Time: 00:00:43

Health: -3/25      AC:  6    Str: 20    XL:     2   Next: 60%
Magic:  2/2        EV:  8    Int:  7    God:
Gold:   0          SH:  4    Dex: 13    Spells: 1/1 levels left

rFire   . . .        a - +0 war axe
rCold   . . .        c - +0 buckler
rNeg    . . .        b - +0 scale mail
rPois   .            (helmet unavailable)
rElec   .            (no cloak)
rCorr   .            (no gloves)
SInv    +            (no boots)
Will    .....        (no amulet) Stlth
                     (no ring)
HPRegen 0.24/turn    (no ring)
MPRegen 0.08/turn

%: no passive effects
@: no status effects
A: permanent stasis, dig shafts and tunnels, antennae 3, four strong arms
a: Dig, Shaft Self


You were on level 1 of the Dungeon.
You visited 1 branch of the dungeon, and saw 1 of its levels.

Inventory:

Hand Weapons
 a - a +0 war axe (weapon)
Armour
 b - a +0 scale mail (worn)
 c - a +0 buckler (worn)
Scrolls
 e - a scroll of revelation {unknown}
Potions
 d - a potion of might
 f - a potion of heal wounds {unknown}
 g - a potion of haste {unknown}


   Skills:
 * Level 3.7 Fighting
 + Level 2.1 Axes
 + Level 3.5 Armour
 + Level 4.2 Shields


You had one spell level left.
You didn't know any spells.
Your spell library was empty.

Dungeon Overview and Level Annotations

Branches:
Dungeon (1/15)

Altars:


Innate Abilities, Weirdness & Mutations

You cannot be hasted, slowed, berserked, paralysed or teleported.
You can dig through walls and to a lower floor.
You have a pair of large antennae on your head. (SInv)
Your four strong arms can wield two-handed weapons with a shield.


Message History

The slug dart misses you. The goblin hits you with a +0 dagger.
You barely miss the gnoll. You hit the goblin. You block the goblin's attack.
The gnoll hits you with a +0 flail!
You hit the goblin.
You kill the goblin!
You barely miss the gnoll. You hit the dart slug. You block the gnoll's attack.
The dart slug barely misses you.
You hit the dart slug.
The dart slug is moderately wounded.
You hit the gnoll. The gnoll hits you but does no damage.
The dart slug launches a dart at you.
The slug dart hits you but does no damage.
You block the gnoll's attack.
You hit the dart slug but do no damage.
The dart slug is moderately wounded.
You hit the gnoll. You block the gnoll's attack.
The dart slug launches a dart at you. You block the slug dart.
You closely miss the gnoll.
The gnoll is heavily wounded.
You slash the dart slug! The gnoll hits you with a +0 flail!
The dart slug launches a dart at you. The slug dart hits you.
The gnoll completely misses you.
You are too injured to fight recklessly!
You are too injured to fight recklessly!
You are too injured to fight recklessly!
You are too injured to fight recklessly!
Unknown command.
You are too injured to fight recklessly!
Unknown command.
You are too injured to fight recklessly!
You are too injured to fight recklessly!
You hit the dart slug.
You kill the dart slug!
You closely miss the gnoll. The gnoll hits you with a +0 flail.
* * * LOW HITPOINT WARNING * * *
You closely miss the gnoll.
The gnoll is heavily wounded.
The gnoll hits you with a +0 flail.
You die...

#.#.#
#######.#
#.#.# #.#
#.# #.# #.
#.# #.# #.#
#########.#
..........#
##...g@.#.#
#...)†###.#
.......##
#.. ....!..
#.# ###....
.# #.... #
#.... #.#..


You could see a gnoll.

Vanquished Creatures
  A dart slug (D:1)
  2 goblins (D:1)
  A hobgoblin (D:1)
  2 kobolds (D:1)
  A quokka (D:1)
  3 bats (D:1)
  A rat (D:1)
11 creatures vanquished.

Notes
Turn   | Place    | Note
-------+----------+-------------------------------------------
     0 | D:1      | hiruoo the Formicid Fighter began the quest for the Orb.
     0 | D:1      | Reached XP level 1. HP: 18/18 MP: 1/1
    59 | D:1      | Reached XP level 2. HP: 24/24 MP: 2/2
   180 | D:1      | Slain by a gnoll

Illustrated notes

Levels and vault maps discovered:
D:1:      roderic_chinese_lattice_arrival, layout_loops_ring, minivault_5,
          minmay_rat_gold_closets

Action                     || total
---------------------------++-------
  Melee: War axe           ||    28
 Armour: Scale mail        ||    29
  Dodge: Dodged            ||    16
  Block: Buckler           ||    12

Table legend: (Time is in decaauts)
 A = Elapsed time spent in this place.
 B = Non-inter-level travel time spent in this place.
 C = Inter-level travel time spent in this place.
 D = Time resting spent in this place.
 E = Time spent auto-exploring this place.
 F = Levels seen in this place.
 G = Mean time per level.
                   A        B        C        D        E       F      G
               +--------+--------+--------+--------+--------+-----+--------+
         Total |    191 |    191 |      0 |      8 |    104 |   1 |  191.0 |
       Dungeon |    191 |    191 |      0 |      8 |    104 |   1 |  191.0 |
               +--------+--------+--------+--------+--------+-----+--------+

Top non-repeatable levels by time:
     D:1: 191 daAuts
